 Dungeon Crawl Stone Soup version 0.19.0-16-g73b5abf (webtiles) character file.

720 Jerry the Firebug (level 7, 46/46 HPs)
             Began as a Demonspawn Fire Elementalist on Nov 11, 2016.
             Was a Follower of Vehumet.
             Quit the game on level 4 of the Dungeon.
             The game lasted 00:25:43 (6277 turns).

Jerry the Firebug (Demonspawn Fire Elementalist)    Turns: 6277, Time: 00:25:43

Health: 46/46      AC:  2    Str:  9    XL:     7   Next: 42%
Magic:  14/14      EV: 12    Int: 21    God:    Vehumet [*.....]
Gold:   226        SH:  3    Dex: 13    Spells: 4 memorised, 8 levels left

rFire  . . .     SeeInvis .     l - +0 dagger (venom)
rCold  + . .     Gourm    .     a - +0 robe
rNeg   . . .     Faith    .     (no shield)
rPois  .         Spirit   .     (helmet restricted)
rElec  .         Reflect  +     (no cloak)
rCorr  .         Harm     .     (no gloves)
MR     .....                    (no boots)
Stlth  ++........               v - +3 amulet of reflection
                                d - +3 ring of intelligence
                                f - ring of protection from cold

@: no status effects
A: antennae 1, spiny 1, rot immunity, sturdy frame 1
a: Renounce Religion


You were on level 4 of the Dungeon.
You worshipped Vehumet.
Vehumet was aware of your devotion.
You were not hungry.

You visited 2 branches of the dungeon, and saw 6 of its levels.

You collected 226 gold pieces.

Inventory:

Hand Weapons
 l - a +0 dagger of venom (weapon)
 o - a +0 hunting sling
Missiles
 r - 102 stones (quivered)
Armour
 a - a +0 robe (worn)
 A - a +0 buckler
Magical Staves
 t - an uncursed staff of cold
Jewellery
 d - a +3 ring of intelligence (right hand)
 e - an uncursed ring of protection from fire
 f - a ring of protection from cold (left hand)
 v - a +3 amulet of reflection (around neck)
 x - an uncursed amulet of faith
Scrolls
 h - 2 scrolls of remove curse {unknown}
 j - 4 scrolls of identify {unknown}
 m - 2 scrolls of noise {unknown}
 s - a scroll of fog {unknown}
 u - a scroll of teleportation {unknown}
 w - a scroll of magic mapping {unknown}
 y - a scroll of immolation {unknown}
Potions
 g - a potion of curing
 i - a potion of mutation {unknown}
 k - a potion of ambrosia {unknown}
 n - a potion of might {unknown}
 q - a potion of agility {unknown}
 z - a potion of cancellation {unknown}
 B - 2 potions of degeneration {unknown}
Books
 b - a book of Flames

   Spells                             Type                      Level
   a - Flame Tongue                   Conjuration/Fire             1
   b - Throw Flame                    Conjuration/Fire             2
   c - Conjure Flame                  Conjuration/Fire             3
   d - Inner Flame                    Hexes/Fire                   3
   e - Sticky Flame                   Conjuration/Fire             4
   f - Fireball                       Conjuration/Fire             5
Comestibles
 c - 6 bread rations
 p - 4 meat rations
 C - a chunk of flesh


   Skills:
 - Level 1.7 Dodging
 - Level 1.7 Stealth
 + Level 4.9 Spellcasting
 + Level 4.6 Conjurations
 + Level 5.0 Fire Magic


You had 8 spell levels left.
You knew the following spells:

 Your Spells              Type           Power        Failure   Level  Hunger
a - Flame Tongue          Conj/Fire      ####.        1%          1    None
b - Throw Flame           Conj/Fire      ####..       1%          2    None
c - Conjure Flame         Conj/Fire      ####....     4%          3    ##.....
d - Shock                 Conj/Air       ##..         4%          1    None


Dungeon Overview and Level Annotations

Branches:
Dungeon (5/15)             Temple (1/1) D:4

Altars:
Ashenzari
Cheibriados
Dithmenos
Elyvilon
Gozag
Hepliaklqana
Nemelex Xobeh
Okawaru
Qazlal
Ru
Sif Muna
Uskayaw
Vehumet
Xom
Yredelemnul
The Shining One


Innate Abilities, Weirdness & Mutations

You have a pair of small antennae on your head.
You are partially covered in sharp spines.
You are immune to rotting.
Your movements are slightly less encumbered by armour. (ER -2)


Message History

The puff of flame hits the leopard gecko.
You kill the leopard gecko!
Vehumet accepts your kill.
j - 4 scrolls labeled YNOSCH MOECW (gained 1)
r - 102 stones (gained 17)
B - 2 silvery potions (gained 1)
An adder and a scorpion come into view.
Casting: Throw Flame
Confirm with . or Enter, or press ? or * to list all spells.
Aiming: Throw Flame
Press: ? - help, Shift-Dir - straight line, f - scorpion
Aim: a scorpion (hasn't noticed you)
Okay, then.
The adder hisses angrily.
There is a stone staircase leading up here.
You climb upwards.
There is a stone staircase leading down here.
You start resting.
Magic restored.
Are you sure you want to abandon this character and quit the game? (Confirm with "yes".)

############.#....## #....#
..###.######.##....# ######
..'...........#....#
..#...........#....#
..#...........#....#
..#######.###.#....#########
........#.###.###'#........#
........#..#......#........#
........#..#....@>#........#
........#'#########........#
######...ยง............###+##
.....#................#...#
.....#...W............#...#
######................#...#
.....#................#...#
.....#.....#'#####....#...#
...<.#.....#.....#....#...#


There were no monsters in sight!

Vanquished Creatures
  A phantom (D:4)
  An ogre (D:4)
  A bullfrog (D:4)
  A scorpion (D:4)
  A howler monkey (D:5)
  3 orc priests
  2 bullfrog skeletons (D:4)
  A worker ant (D:5)
  4 gnolls
  6 adders
  3 oozes
  3 worms
  5 dart slugs
  A leopard gecko (D:5)
  5 orcs
  3 ball pythons
  6 bats
  4 giant cockroaches (D:1)
  3 goblins
  A hobgoblin (D:2)
  8 jackals
  4 quokkas
  6 frilled lizards
  12 kobolds
  27 rats
112 creatures vanquished.

Notes
Turn   | Place    | Note
-------+----------+-------------------------------------------
     0 | D:1      | Jerry the Demonspawn Fire Elementalist began the quest for the Orb.
     0 | D:1      | Reached XP level 1. HP: 13/13 MP: 3/3
   187 | D:1      | Gained mutation: You have a pair of small antennae on your head. [demonic ancestry]
   187 | D:1      | Reached XP level 2. HP: 12/19 MP: 1/5
   350 | D:1      | Reached skill level 3 in Fire Magic
   686 | D:1      | Learned a level 2 spell: Throw Flame
   824 | D:1      | Gained mutation: You are immune to rotting. [demonic ancestry]
   824 | D:1      | Reached XP level 3. HP: 24/24 MP: 3/6
   848 | D:1      | Learned a level 3 spell: Conjure Flame
  2207 | D:2      | Reached XP level 4. HP: 21/30 MP: 1/8
  3118 | D:3      | Reached XP level 5. HP: 35/35 MP: 6/10
  3847 | D:4      | Found a staircase to the Ecumenical Temple.
  3852 | Temple   | Entered the Ecumenical Temple
  4069 | Temple   | Became a worshipper of Vehumet
  4193 | D:4      | Noticed an ogre
  4359 | D:4      | Reached * piety under Vehumet
  4359 | D:4      | Offered knowledge of Shock by Vehumet.
  4492 | D:4      | Reached skill level 4 in Fire Magic
  4741 | D:4      | Gained mutation: Your movements are slightly less encumbered by armour. (ER -2) [demonic ancestry]
  4741 | D:4      | Reached XP level 6. HP: 32/41 MP: 4/12
  4905 | D:4      | Found a snail-covered altar of Cheibriados.
  5480 | D:4      | Learned a level 1 spell: Shock
  5546 | D:4      | Gained mutation: You are partially covered in sharp spines. [demonic ancestry]
  5546 | D:4      | Reached XP level 7. HP: 46/46 MP: 1/13
  6138 | D:5      | Entered Level 5 of the Dungeon
  6146 | D:5      | Found a shattered altar of Ashenzari.
  6188 | D:5      | Reached skill level 5 in Fire Magic
  6277 | D:4      | Quit the game

Skill      XL: |  1  2  3  4  5  6  7 |
---------------+----------------------+-----
Fire Magic     | 3 4 5 |  5.0
Conjurations   | 2 3 4 |  4.6
Spellcasting   | 3 4 |  4.9
Dodging        | |  1.7
Stealth        | |  1.7

Action                   |  1- 3 |  4- 6 |  7- 9 || total
-------------------------+-------+-------+-------++-------
Melee: Dagger            |    25 |    64 |       ||    89
 Fire: Hunting sling     |       |    20 |       ||    20
 Cast: Flame Tongue      |    52 |    43 |    11 ||   106
       Throw Flame       |    18 |    60 |    14 ||    92
  Use: Potion            |       |     4 |       ||     4
 Stab: Sleeping          |     2 |     1 |       ||     3
  Eat: Chunk             |     4 |     8 |     3 ||    15
       Bread ration      |       |     1 |       ||     1
Armor: Robe              |    13 |    12 |       ||    25
Dodge: Dodged            |    32 |    44 |     2 ||    78
Block: Other             |       |     7 |       ||     7
